BSA
ST CHARLES SHEENS @ NEVADA NOISE
05/31/2028
 
TOP OF THE 1ST
St Charles Sheens batting - Pitching for Nevada Noise : RHP Isaac Pope
Pitching: RHP Isaac Pope
Batting: LHB Larry Howard 0-0: Ball
1-0: Called Strike
1-1: Swinging Strike
1-2: Strikes out swinging
Batting: RHB Alfredo Hernández 0-0: Ball
1-0: Fly out, F3 (Popup, 3S)
Batting: LHB Stan Bates 0-0: Ball
1-0: Ball
2-0: Called Strike
2-1: Ball
3-1: Swinging Strike
3-2: Ground out 6-3 (Groundball, 6MS)
Top of the 1st over - 0 run(s), 0 hit(s), 0 error(s), 0 left on base; St Charles 0 - Nevada 0
BOTTOM OF THE 1ST
Nevada Noise batting - Pitching for St Charles Sheens : RHP Jesús Andrade
Pitching: RHP Jesús Andrade
Batting: LHB Stanley Mullins 0-0: Ground out 6-3 (Groundball, 6)
Batting: RHB Stephen Wilson 0-0: Ball
1-0: Foul Ball, location: 2F
1-1: Called Strike
1-2: Ball
2-2: Foul Ball, location: 2F
2-2: Ground out 1-3 (Groundball, 15S)
Batting: SHB Julián Madrid 0-0: Called Strike
0-1: Foul Ball, location: 2F
0-2: Ball
1-2: Ground out U3 (Groundball, 3L)
Bottom of the 1st over - 0 run(s), 0 hit(s), 0 error(s), 0 left on base; St Charles 0 - Nevada 0
TOP OF THE 2ND
St Charles Sheens batting - Pitching for Nevada Noise : RHP Isaac Pope
Batting: RHB Max Rash 0-0: Ball
1-0: Called Strike
1-1: Ball
2-1: Swinging Strike
2-2: SINGLE (Groundball, 6MD)
Batting: LHB Kyle Harrison 0-0: Called Strike
0-1: Called Strike
0-2: Ball
1-2: Ball
2-2: Strikes out swinging
Batting: LHB Juan Jose Rojas 0-0: Ball
1-0: Foul Ball, location: 2F
1-1: Ball
2-1: Fly out, F6 (Popup, 6D)
Batting: RHB Jesús Hernández 0-0: Ball
1-0: Ball
2-0: Foul Ball, location: 2F
2-1: Fly out, F8 (Flyball, 8RM)
Top of the 2nd over - 0 run(s), 1 hit(s), 0 error(s), 1 left on base; St Charles 0 - Nevada 0
BOTTOM OF THE 2ND
Nevada Noise batting - Pitching for St Charles Sheens : RHP Jesús Andrade
Batting: LHB Willie Wallace 0-0: Ground out U3 (Groundball, 34)
Batting: RHB Edward Young 0-0: SOLO HOME RUN (Flyball, 7D), Distance : 412 ft
Batting: LHB Milton Watson 0-0: Ball
1-0: Ball
2-0: Ball
3-0: Called Strike
3-1: Ground out U3 (Groundball, 3)
Batting: RHB Pepe González 0-0: Ball
1-0: Called Strike
1-1: Ball
2-1: Called Strike
2-2: Strikes out looking
Bottom of the 2nd over - 1 run(s), 1 hit(s), 0 error(s), 0 left on base; St Charles 0 - Nevada 1
TOP OF THE 3RD
St Charles Sheens batting - Pitching for Nevada Noise : RHP Isaac Pope
Batting: LHB Marcos Cantú 0-0: Ball
1-0: Ball
2-0: Ball
3-0: Base on Balls
Batting: RHB Dan Tyler 0-0: Ball
1-0: Called Strike
1-1: DOUBLE (Line Drive, 7D)
Marcos Cantú to third
Runner from 3rd tries for Home, SAFE, no throw
Batting: LHB Larry Howard 0-0: Ball
1-0: Called Strike
1-1: Ball
2-1: SINGLE (Groundball, 23) (infield hit)
Dan Tyler to third
Batting: RHB Alfredo Hernández 0-0: Ball
1-0: Ball
2-0: Fly out, F9 (Flyball, 9)
Throwing error, E9
Dan Tyler scores
Larry Howard to second
Batting: LHB Stan Bates 0-0: Ball
1-0: Ball
2-0: Called Strike
2-1: Foul Ball, location: 2F
2-2: Ground out 5-3 (Groundball, 56)
Batting: RHB Max Rash 0-0: Ball
1-0: Ball
2-0: Ground out 1-3 (Groundball, P)
Top of the 3rd over - 2 run(s), 2 hit(s), 1 error(s), 1 left on base; St Charles 2 - Nevada 1
BOTTOM OF THE 3RD
Nevada Noise batting - Pitching for St Charles Sheens : RHP Jesús Andrade
Batting: RHB Fernando Martínez 0-0: Ball
1-0: Ball
2-0: Called Strike
2-1: Ball
3-1: Ground out 5-3 (Groundball, 5L)
Batting: RHB Vern Carlton 0-0: Called Strike
0-1: Called Strike
0-2: Ground out 4-3 (Groundball, 4M)
Batting: LHB Stanley Mullins 0-0: Ball
1-0: Ball
2-0: DOUBLE (Flyball, 8LXD)
Batting: RHB Stephen Wilson 0-0: Ball
1-0: Ball
2-0: Ball
3-0: Base on Balls
Batting: SHB Julián Madrid 0-0: Ball
1-0: Ball
2-0: Foul Ball, location: 2F
2-1: Called Strike
2-2: Strikes out swinging
Bottom of the 3rd over - 0 run(s), 1 hit(s), 0 error(s), 2 left on base; St Charles 2 - Nevada 1
TOP OF THE 4TH
St Charles Sheens batting - Pitching for Nevada Noise : RHP Isaac Pope
Batting: LHB Kyle Harrison 0-0: SINGLE (Groundball, 56) (infield hit)
Batting: LHB Juan Jose Rojas 0-0: Swinging Strike
0-1: Swinging Strike
0-2: Foul Ball, location: 2F
0-2: Strikes out swinging
Batting: RHB Jesús Hernández 0-0: Swinging Strike
0-1: Called Strike
0-2: SINGLE (Line Drive, 9LS)
Kyle Harrison to second
Batting: LHB Marcos Cantú 0-0: Called Strike
0-1: Ball
1-1: Swinging Strike
1-2: Ball
2-2: Foul Ball, location: 2F
2-2: Fly out, F4 (Line Drive, 4)
Batting: RHB Dan Tyler 0-0: Ball
1-0: Ball
2-0: Called Strike
2-1: Foul Ball, location: 2F
2-2: Ball
3-2: Base on Balls
Kyle Harrison to third
Jesús Hernández to second
Batting: LHB Larry Howard 0-0: Ball
1-0: Called Strike
1-1: Ball
2-1: Foul Ball, location: 2F
2-2: SINGLE (Line Drive, 34D)
Kyle Harrison scores
Jesús Hernández to third
Dan Tyler to second
Batting: RHB Alfredo Hernández 0-0: Ball
Wild Pitch!
Jesús Hernández scores
Dan Tyler to third
Larry Howard to second
1-0: Ball
2-0: Ball
3-0: Base on Balls
Batting: LHB Stan Bates 0-0: Ball
1-0: Ball
2-0: Ball
3-0: Called Strike
3-1: Fielders Choice at 2nd, 6-4 (Groundball, 6)
Top of the 4th over - 2 run(s), 3 hit(s), 0 error(s), 2 left on base; St Charles 4 - Nevada 1
BOTTOM OF THE 4TH
Nevada Noise batting - Pitching for St Charles Sheens : RHP Jesús Andrade
Batting: LHB Willie Wallace 0-0: Ball
1-0: Ball
2-0: Ball
3-0: Called Strike
3-1: Base on Balls
Batting: RHB Edward Young 0-0: Grounds into double play, 5-4-3 (Groundball, 5L)
Batting: LHB Milton Watson 0-0: Ball
1-0: Ball
2-0: Ball
3-0: Called Strike
3-1: Base on Balls
Batting: RHB Pepe González 0-0: Ball
1-0: Swinging Strike
1-1: Foul Ball, location: 2F
1-2: Ball
2-2: Foul Ball, location: 2F
2-2: Ball
3-2: Ground out 6-3 (Groundball, 6)
Bottom of the 4th over - 0 run(s), 0 hit(s), 0 error(s), 1 left on base; St Charles 4 - Nevada 1
TOP OF THE 5TH
St Charles Sheens batting - Pitching for Nevada Noise : RHP Isaac Pope
Batting: RHB Max Rash 0-0: Ball
1-0: Ball
2-0: Foul Ball, location: 2F
2-1: Ground out 5-3 (Groundball, 56)
Batting: LHB Kyle Harrison 0-0: Ball
1-0: SINGLE (Groundball, 5D)
Batting: LHB Juan Jose Rojas 0-0: Ball
1-0: Called Strike
1-1: Ball
2-1: Ball
3-1: Grounds into double play, 3-6-3 (Groundball, 3)
Top of the 5th over - 0 run(s), 1 hit(s), 0 error(s), 0 left on base; St Charles 4 - Nevada 1
BOTTOM OF THE 5TH
Nevada Noise batting - Pitching for St Charles Sheens : RHP Jesús Andrade
Batting: RHB Fernando Martínez 0-0: Ball
1-0: Ground out 5-3 (Groundball, 56)
Batting: RHB Vern Carlton 0-0: Ball
1-0: Ball
2-0: Foul Ball, location: 2F
2-1: Ball
3-1: Called Strike
3-2: Fly out, F7 (Flyball, 78M)
Batting: LHB Stanley Mullins 0-0: Ball
1-0: Ball
2-0: DOUBLE (Line Drive, 7LM)
Batting: RHB Stephen Wilson 0-0: Ball
1-0: Ball
2-0: Ball
3-0: Base on Balls
Batting: SHB Julián Madrid 0-0: Ball
Wild Pitch!
Stanley Mullins to third
Stephen Wilson to second
1-0: Ground out U3 (Groundball, 34)
Bottom of the 5th over - 0 run(s), 1 hit(s), 0 error(s), 2 left on base; St Charles 4 - Nevada 1
TOP OF THE 6TH
St Charles Sheens batting - Pitching for Nevada Noise : RHP Isaac Pope
Batting: RHB Jesús Hernández 0-0: Ground out 6-3 (Groundball, 56)
Batting: LHB Marcos Cantú 0-0: Foul Ball, location: 2F
0-1: Ball
1-1: Ball
2-1: Swinging Strike
2-2: Strikes out swinging
Batting: RHB Dan Tyler 0-0: Ball
1-0: Swinging Strike
1-1: Foul Ball, location: 2F
1-2: Strikes out swinging
Top of the 6th over - 0 run(s), 0 hit(s), 0 error(s), 0 left on base; St Charles 4 - Nevada 1
BOTTOM OF THE 6TH
Nevada Noise batting - Pitching for St Charles Sheens : RHP Jesús Andrade
Batting: LHB Willie Wallace 0-0: Ball
1-0: Ball
2-0: Called Strike
2-1: Ball
3-1: Base on Balls
Batting: RHB Edward Young 0-0: Ball
1-0: Called Strike
1-1: Ball
2-1: Ball
3-1: Foul Ball, location: 2F
3-2: Foul Ball, location: 2F
3-2: Base on Balls
Willie Wallace to second
Batting: LHB Milton Watson 0-0: Ball
1-0: Ball
2-0: Ball
3-0: Called Strike
3-1: Base on Balls
Willie Wallace to third
Edward Young to second
Pitching: RHP Irwin Conway
Batting: RHB Pepe González 0-0: Ball
1-0: Ball
2-0: Called Strike
2-1: Ball
3-1: Base on Balls
Willie Wallace scores
Edward Young to third
Milton Watson to second
Batting: RHB Fernando Martínez 0-0: Ball
1-0: Called Strike
1-1: Fly out, F9 (Flyball, 9)
Runner from 3rd tags up, SCORES, throw made
Batting: RHB Vern Carlton 0-0: Ball
1-0: Ball
2-0: Grounds into double play, 4-6-3 (Groundball, 4)
Bottom of the 6th over - 2 run(s), 0 hit(s), 0 error(s), 1 left on base; St Charles 4 - Nevada 3
TOP OF THE 7TH
St Charles Sheens batting - Pitching for Nevada Noise : RHP Isaac Pope
Pitching: RHP Don Wiggins
Batting: LHB Larry Howard 0-0: Called Strike
0-1: Swinging Strike
0-2: Strikes out swinging
Batting: RHB Alfredo Hernández 0-0: Called Strike
0-1: Ball
1-1: Ball
2-1: Ground out 4-3 (Groundball, 4)
Batting: LHB Stan Bates 0-0: Ball
1-0: Fly out, F8 (Flyball, 8LD)
Top of the 7th over - 0 run(s), 0 hit(s), 0 error(s), 0 left on base; St Charles 4 - Nevada 3
BOTTOM OF THE 7TH
Nevada Noise batting - Pitching for St Charles Sheens : RHP Irwin Conway
Batting: LHB Stanley Mullins 0-0: Ball
1-0: SINGLE (Groundball, 6MD)
Batting: RHB Stephen Wilson 0-0: Sac Bunt - play at first, batter OUT! U3
Stanley Mullins to second
Batting: SHB Julián Madrid 0-0: Ball
1-0: Ball
2-0: Called Strike
2-1: Ball
3-1: Base on Balls
Batting: LHB Willie Wallace 0-0: SINGLE (Flyball, 89S)
Stanley Mullins to third
Julián Madrid to second
Runner from 3rd tries for Home, SAFE, throw made home
Julián Madrid to third
Willie Wallace to second
Batting: RHB Edward Young 0-0: Foul Ball, location: 2F
0-1: Fly out, F9 (Flyball, 9S)
Lined into DP, 9-5 (Flyball, 9S)
Bottom of the 7th over - 1 run(s), 2 hit(s), 0 error(s), 1 left on base; St Charles 4 - Nevada 4
TOP OF THE 8TH
St Charles Sheens batting - Pitching for Nevada Noise : RHP Don Wiggins
Batting: RHB Max Rash 0-0: Called Strike
0-1: Ball
1-1: Foul Ball, location: 2F
1-2: Strikes out swinging
Batting: LHB Kyle Harrison 0-0: Ground out 4-3 (Groundball, 4)
Batting: LHB Juan Jose Rojas 0-0: Called Strike
0-1: Ball
1-1: SINGLE (Groundball, 5D)
Batting: RHB Jesús Hernández 0-0: Called Strike
0-1: Ball
1-1: Called Strike
1-2: Strikes out looking
Top of the 8th over - 0 run(s), 1 hit(s), 0 error(s), 1 left on base; St Charles 4 - Nevada 4
BOTTOM OF THE 8TH
Nevada Noise batting - Pitching for St Charles Sheens : RHP Irwin Conway
Batting: LHB Milton Watson 0-0: Called Strike
0-1: Ball
1-1: Fly out, F5 (Popup, 5L)
Pinch Hitting: LHB Pablo Reyes 0-0: Foul Ball, location: 2F
0-1: Called Strike
0-2: Strikes out looking
Batting: RHB Fernando Martínez 0-0: Called Strike
0-1: Ball
1-1: Ball
2-1: Foul Ball, location: 2F
2-2: SINGLE (Line Drive, 4MD)
Batting: RHB Vern Carlton 0-0: Ball
1-0: Called Strike
1-1: Ground out 4-3 (Groundball, 4MS)
Bottom of the 8th over - 0 run(s), 1 hit(s), 0 error(s), 1 left on base; St Charles 4 - Nevada 4
TOP OF THE 9TH
St Charles Sheens batting - Pitching for Nevada Noise : RHP Don Wiggins
Pitching: LHP António Martínez
Now at 3B: Rich Ruffin
Pinch Hitting: RHB Judson Backstrom 0-0: Called Strike
0-1: DOUBLE (Flyball, 7D)
Batting: RHB Dan Tyler 0-0: Intentional Walk
Pinch Hitting: RHB Júlio Figueroa 0-0: Called Strike
0-1: Ball
1-1: Ball
2-1: Ball
3-1: Base on Balls
Judson Backstrom to third
Dan Tyler to second
Batting: RHB Alfredo Hernández 0-0: Called Strike
0-1: Fly out, F8 (Flyball, 89M)
Runner from 3rd tags up, SCORES, throw made
Batting: LHB Stan Bates 0-0: Called Strike
0-1: Ball
1-1: Foul Ball, location: 2F
1-2: Fly out, F4 (Popup, 34D)
Batting: RHB Max Rash 0-0: Ball
1-0: Called Strike
1-1: DOUBLE (Groundball, 5L)
Dan Tyler scores
Júlio Figueroa to third
Pitching: RHP Mike Pierce
Batting: LHB Kyle Harrison 0-0: Called Strike
0-1: Ball
1-1: Fly out, F8 (Flyball, 8RM)
Top of the 9th over - 2 run(s), 2 hit(s), 0 error(s), 2 left on base; St Charles 6 - Nevada 4
BOTTOM OF THE 9TH
Nevada Noise batting - Pitching for St Charles Sheens : RHP Irwin Conway
Pitching: RHP Álex Villegas
Now at 1B: Judson Backstrom
Now in RF: Ben Dougherty
Batting: LHB Stanley Mullins 0-0: Called Strike
0-1: Swinging Strike
0-2: Ground out 6-3 (Groundball, 6)
Batting: RHB Stephen Wilson 0-0: Called Strike
0-1: Ground out 4-3 (Groundball, 4)
Batting: SHB Julián Madrid 0-0: Ball
1-0: Ball
2-0: Ball
3-0: Called Strike
3-1: Base on Balls
Batting: LHB Willie Wallace 0-0: Foul Ball, location: 2F
0-1: Ball
1-1: Foul Ball, location: 2F
1-2: Ball
2-2: Ball
3-2: Base on Balls
Julián Madrid to second
Pitching: RHP Juan Rivera
Batting: RHB Edward Young 0-0: Fly out, F8 (Flyball, 89D)
Bottom of the 9th over - 0 run(s), 0 hit(s), 0 error(s), 2 left on base; St Charles 6 - Nevada 4
Tuesday, August 8th, 2017 - OOTP Baseball 17.12 Build 75